 Dungeon Crawl Stone Soup version 0.25-a0-634-gd1561dc703 (webtiles) character file.

Game seed: 2037546034081869163, levelgen mode: deterministic

61 An17 the Sneak (level 3, 0/20 HPs)
             Began as a Vampire Enchanter on Mar 20, 2020.
             Slain by a worm (7 damage)
             ... on level 2 of the Dungeon.
             The game lasted 00:06:22 (1776 turns).

An17 the Sneak (Vampire Enchanter)                  Turns: 1776, Time: 00:06:23

Health: 0/20       AC:  4    Str:  7    XL:     3   Next: 83%
Magic:  2/6        EV: 12    Int: 17    God:
Gold:   94         SH:  0    Dex: 15    Spells: 4/6 levels left

rFire    . . .     SeeInvis +   a - +2 dagger
rCold    + + .     Gourm    .   (no shield)
rNeg     + + +     Faith    .   n - +0 leather armour
rPois    ∞         Spirit   .   (no helmet)
rElec    .         Reflect  .   (no cloak)
rCorr    .         Harm     .   l - +0 pair of gloves
MR       .....                  (no boots)
Stlth    +++++.....             (no amulet)
HPRegen  0.00/turn              e - ring of wizardry
MPRegen  0.10/turn              (no ring)

@: bloodless
A: no food, fangs 3, see invisible, unbreathing
a: Bat Form, Revivify


You were on level 2 of the Dungeon.
You were bloodless.

You visited 1 branch of the dungeon, and saw 3 of its levels.

You collected 94 gold pieces.

Inventory:

Hand Weapons
 a - a +2 dagger (weapon)
Missiles
 g - 6 curare-tipped darts (quivered)
Armour
 i - a +0 ring mail
 l - a +0 pair of gloves (worn)
 n - a +0 leather armour (worn)
Jewellery
 e - a ring of wizardry (left hand)
Scrolls
 d - 2 scrolls of remove curse
 f - 2 scrolls of teleportation
Potions
 c - a potion of heal wounds {unknown}
 h - 3 potions of curing
 j - a potion of berserk rage {unknown}
 k - a potion of might {unknown}
 m - a potion of magic {unknown}


   Skills:
 + Level 0.4 Fighting
 + Level 2.0 Short Blades
 * Level 2.5 Dodging
 + Level 5.5 Stealth
 + Level 2.0 Spellcasting
 + Level 5.0 Hexes
 + Level 0.5 Ice Magic


You had 4 spell levels left.
You knew the following spells:

 Your Spells              Type           Power        Failure   Level  Hunger
a - Ensorcelled Hibernat  Hex/Ice        ##....       6%          2    N/A

Your spell library contained the following spells:

 Spells                   Type           Power        Failure   Level  Hunger
 Corona                   Hex            ###....      1%          1    N/A
 Confusing Touch          Hex            ###.....     4%          3    N/A
 Tukima's Dance           Hex            ###.....     4%          3    N/A
 Dazzling Flash           Conj/Hex       ##....       12%         3    N/A

Dungeon Overview and Level Annotations

Branches:
Dungeon (3/15)

Altars:


Innate Abilities, Weirdness & Mutations

You do not eat.
You do not regenerate when monsters are visible.
You are frail without blood (-20% HP).
You can heal yourself when you bite living creatures.
You are immune to poison.
You have razor-sharp teeth.
You have supernaturally acute eyesight. (SInv)
You can survive without breathing.


Message History

You climb downwards.
The orc barely misses you. x2
The worm completely misses you. The orc misses you.
There is a stone staircase leading up here.
The orc closely misses you. x2; The worm bites you but does no damage.
The orc hits you with a +2 whip of pain.
You climb upwards.
There is a stone staircase leading down here.
You hit the worm. Your bite misses the worm.
The worm is moderately wounded.
The orc hits you with a cursed -2 club. The orc hits you with a +0 hand axe.
The orc hits you with a +2 whip of pain.
Okay, then.
Okay, then.
Casting: Ensorcelled Hibernation (safe; 6% risk of failure)
Confirm with . or Enter, or press ? or * to list all spells.
Aiming: Ensorcelled Hibernation (safe; 6% risk of failure)
Press: ? - help, Shift-Dir - straight line, f - orc
Aim: an orc, wielding a +0 hand axe and wearing a +0 leather armour (chance to defeat MR: 60%)
The orc looks drowsy...
The orc misses you. The worm bites you!
You die...

.#.......#########.##..†........#
.#.###.##........#.##.#########.#
.#†..#....######.#....# #.#
.###.###..######.##############.#
...............).....†..).....#.#
####.###########.############.#..
..#..........# #.# #.###
#.#..###.###.###w#### #.#
.....<.........o@o..# #.#
#.#......#.#.###o#### #.#
#.#.#....#.#.....#### #.#
....................# #.###
..#..............##.# #.#..
#######......#+#.##.#### #.#.#
.............#.#.##....# #.#.#
.....##........#.#####.# #.#.#
............#..#.# #.# #.#>#


You could see a worm and 3 orcs.

Vanquished Creatures
  A worm (D:2)
  A dart slug (D:2)
  A leopard gecko (D:1)
  4 orcs
  3 giant cockroaches
  8 hobgoblins
  4 jackals (D:2)
  3 ball pythons (D:1)
  5 bats
  2 frilled lizards (D:2)
  6 goblins
  3 kobolds (D:1)
  4 rats
45 creatures vanquished.

Notes
Turn   | Place    | Note
-------+----------+-------------------------------------------
     0 | D:1      | An17 the Vampire Enchanter began the quest for the Orb.
     0 | D:1      | Reached XP level 1. HP: 13/13 MP: 3/3
   359 | D:1      | Reached XP level 2. HP: 18/19 MP: 5/5
   379 | D:1      | Learned a level 2 spell: Ensorcelled Hibernation
   898 | D:2      | Reached skill level 5 in Stealth
   983 | D:2      | Reached skill level 5 in Hexes
   983 | D:2      | Reached XP level 3. HP: 19/19 MP: 3/6
  1776 | D:2      | Slain by a worm

Levels and vault maps discovered:
D:1:      dpeg_arrival_pits, layout_basic, minmay_shallow_snake_nest
D:2:      layout_basic, minmay_tetromino_l4
D:3:      layout_rooms, saegor_snake_ambush, uniq_grinder

Skill      XL: |  1  2  3 |
---------------+----------+-----
Stealth        | 5 |  5.5
Hexes          | 5 |  5.0
Short Blades   | 2 |  2.0
Fighting       | |  0.4
Dodging        | |  2.5
Spellcasting   | |  2.0
Ice Magic      | |  0.5

Action                   || total
-------------------------++-------
Melee: Dagger            ||   148
       Bite              ||     9
 Cast: Corona            ||     1
       Ensorcelled Hiber ||    11
 Abil: Exsanguinate      ||     1
  Use: Scroll            ||     6
 Stab: Sleeping          ||    23
Armor: Robe              ||    14
       Leather armour    ||    16
Dodge: Dodged            ||    97

Table legend:
 A = Non-vault XP
 B = Vault XP
 C = Vault XP percentage of total XP
 D = Non-vault monster count
 E = Vault monster count
 F = Vault count percentage of total count
                 A         B        C        D         E       F
            +---------+---------+-------+---------+---------+-------
      Total |      75 |      13 |  14.8 |      39 |       6 |  13.3
            +---------+---------+-------+---------+---------+-------
        D:1 |      28 |       3 |   9.7 |      16 |       2 |  11.1
        D:2 |      38 |      10 |  20.8 |      20 |       4 |  16.7
        D:3 |       9 |       0 |   0.0 |       3 |       0 |   0.0
            +---------+---------+-------+---------+---------+-------
